 Dungeon Crawl Stone Soup version 0.25-a0-156-g0c4bda3fdf (webtiles) character file.

Game seed: 12218330729684633826, levelgen mode: deterministic

44 sanka the Scratcher (level 3, 18/18 HPs)
             Began as a Felid Wanderer on Nov 20, 2019.
             Quit the game on level 3 of the Dungeon.
             The game lasted 00:02:32 (1264 turns).

sanka the Scratcher (Felid Wanderer)                Turns: 1264, Time: 00:02:33

Health: 18/18      AC:  1    Str:  6    XL:     3   Next: 41%
Magic:  4/4        EV: 15    Int: 15    God:
Gold:   49         SH:  0    Dex: 16    Spells: 2/2 levels left
                                        Lives:  0   Deaths: 1

rFire    . . .     SeeInvis +     - Unarmed
rCold    . . .     Gourm    .   (shield unavailable)
rNeg     . . .     Faith    .   (armour unavailable)
rPois    .         Spirit   .   (helmet unavailable)
rElec    .         Reflect  .   (cloak unavailable)
rCorr    .         Harm     .   (gloves unavailable)
MR       .....                  (boots unavailable)
Stlth    ++........             (no amulet)
HPRegen  0.06/turn              (no ring)
MPRegen  0.09/turn              (no ring)

@: quick
A: very small, no armour, no weapons or thrown items, stealth, claws 1, fangs 3,
see invisible, carnivore, speed 1, shaggy fur 1, slow metabolism 1, sharp paws
a: no special abilities


You were on level 3 of the Dungeon.
You were not hungry.

You visited 1 branch of the dungeon, and saw 3 of its levels.

You collected 49 gold pieces.


Innate Abilities, Weirdness & Mutations

You cannot wear armour.
You are incapable of wielding weapons or throwing items.
Your paws allow you to move quietly. (Stealth)
You have sharp claws.
You have razor-sharp teeth.
You have supernaturally acute eyesight. (SInv)
You are carnivorous and can eat meat at any time.
You cover ground quickly.
You are covered in fur. (AC +1)
You have a slow metabolism.
Your sharp claws are effective at attacking unaware monsters.


   Skills:
 - Level 4.0 Fighting
 - Level 1.3 Stealth
 + Level 5.9 Unarmed Combat
   Level 1.1 Evocations


You had 2 spell levels left.
You didn't know any spells.
Your spell library was empty.

Inventory:

Scrolls
 d - 2 scrolls of teleportation
 e - 2 scrolls of immolation {unknown}
Potions
 a - a potion of haste
 b - 2 potions of berserk rage {!q}
 h - a potion of degeneration {unknown}
 i - a potion of flight {unknown}
Comestibles
 f - 4 rations

Dungeon Overview and Level Annotations

Branches:
Dungeon (2/15)

Altars:

Annotations:
D:1 Terence

▒.▒.▒
▒▒▒.▒.▒
▒▒▒.....▒
.........
▒.......▒
▒....>▒
▒.)...▒
▒h▒ ▒.▒
▒.▒ ▒..
▒▒) .. ..
..▒


There were no monsters in sight!


Message History

The orc priest begins to cast a cantrip, but forgets the words!
You scratch the orc priest.
The orc priest is almost dead.
The orc priest looks satisfied for a moment.
You closely miss the orc priest.
The orc priest is almost dead.
The orc priest hits you.
* * * LOW HITPOINT WARNING * * *
You scratch the orc priest.
The orc priest is almost dead.
The orc priest barely misses you.
You scratch the orc priest but do no damage.
The orc priest is almost dead.
The orc priest looks satisfied for a moment.
You scratch the orc priest.
You kill the orc priest!
You start resting.
All of the chunks of flesh in your inventory have rotted away.
An orc comes into view. It is wielding a +0 trident.
Unknown command.
The orc shouts!
You hear a shout!
The orc throws a silver boomerang.
The silver boomerang misses you.
The weapon returns to the orc!
The orc throws a silver boomerang.
The silver boomerang hits you!
You die...
The weapon returns to the orc!
You are now level 3!
You rejoin the land of the living...
Found a hunting sling and a mace.
Found a stone staircase leading down.
Are you sure you want to abandon this character and quit the game? (Confirm with "yes".)

Action                   |  1- 3 |  4- 6 || total
-------------------------+-------+-------++-------
Melee: Unarmed           |    65 |     7 ||    72
       Bite              |     6 |       ||     6
       Punch             |     1 |       ||     1
  Use: Potion            |     1 |       ||     1
 Stab: Sleeping          |     6 |       ||     6
  Eat: Chunk             |     8 |       ||     8
Armor: Skin              |     1 |       ||     1
Dodge: Dodged            |    32 |     3 ||    35

Levels and vault maps discovered:
D:1:      dpeg_arrival_houses_and_road, layout_basic
D:2:      layout_basic, uniq_terence
D:3:      layout_loops_ring, fedhas_altar_1, nemelex_xobeh_ov_fountains_minmay,
          gammafunk_ghost_stat_death, chequers_ecumenical_altar_island,
          first_ration, minmay_fractal_squares_diagonal_5

Notes
Turn   | Place    | Note
-------+----------+-------------------------------------------
     0 | D:1      | sanka the Felid Wanderer began the quest for the Orb.
     0 | D:1      | sanka set off with the following items: a potion of haste,
                  | a potion of berserk rage {!q}, a potion of curing, a scroll
                  | of teleportation, a ration
     0 | D:1      | Reached XP level 1. HP: 11/11 MP: 2/2
   305 | D:1      | Reached XP level 2. HP: 15/15 MP: 3/3
   845 | D:2      | Noticed a howler monkey
   876 | D:2      | Killed a howler monkey
   876 | D:2      | Reached skill level 5 in Unarmed Combat
   876 | D:2      | Reached XP level 3. HP: 15/18 MP: 4/4
  1009 | D:2      | Noticed Terence
  1240 | D:3      | Reached XP level 4. HP: 4/22 MP: 5/5
  1263 | D:3      | Hit by a silver boomerang thrown by an orc
  1264 | D:3      | Reached XP level 3. HP: -2/18 MP: 4/4
  1264 | D:3      | Quit the game

Vanquished Creatures
  A howler monkey (D:2)
  An orc priest (D:3)
  A worm (D:2)
  An orc (D:3)
  2 giant cockroaches
  6 goblins
  4 hobgoblins (D:1)
  A kobold (D:1)
  A quokka (D:2)
  A bat (D:1)
  2 frilled lizards (D:1)
  3 rats
24 creatures vanquished.
